 Dungeon Crawl Stone Soup version 0.23-a0-890-gc183402 (webtiles) character file.

Game seed: 1718980992408370193

73 Wander the Twirler (level 4, -2/33 HPs)
             Began as a Human Wanderer on Jan 28, 2019.
             Killed from afar by an orc wizard (7 damage)
             ... with a magic dart
             ... on level 2 of the Dungeon.
             The game lasted 00:05:13 (2083 turns).

Wander the Twirler (Human Wanderer)                 Turns: 2083, Time: 00:05:13

Health: -2/33      AC:  2    Str: 12    XL:     4   Next: 51%
Magic:  4/4        EV: 12    Int: 10    God:
Gold:   75         SH:  0    Dex: 16    Spells: 3/3 levels left

rFire    . . .     SeeInvis +   b - +0 quarterstaff
rCold    . . .     Gourm    .   (shield currently unavailable)
rNeg     . . .     Faith    .   d - +0 robe
rPois    .         Spirit   .   (no helmet)
rElec    .         Reflect  .   (no cloak)
rCorr    .         Harm     .   (no gloves)
MR       .....                  (no boots)
Stlth    +.........             (no amulet)
HPRegen  0.11/turn              l - ring of see invisible
MPRegen  0.09/turn              (no ring)

@: hasted and slowed
A: no striking features
a: no special abilities


You were on level 2 of the Dungeon.
You were near starving.

You visited 1 branch of the dungeon, and saw 3 of its levels.

You collected 75 gold pieces.

Inventory:

Hand Weapons
 b - a +0 quarterstaff (weapon)
 e - a +0 dagger
Missiles
 m - 5 tomahawks (quivered)
Armour
 a - a +0 shield
 d - a +0 robe (worn)
Jewellery
 l - a ring of see invisible (left hand)
Wands
 p - a wand of flame (11)
Scrolls
 i - a scroll of enchant weapon {unknown}
 j - a scroll of magic mapping {unknown}
 k - 4 scrolls of identify {unknown}
 q - a scroll of amnesia {unknown}
Potions
 c - a potion of curing
 h - a potion of cancellation {unknown}
 n - a potion of agility {unknown}
 o - a potion of resistance {unknown}
Comestibles
 f - 4 rations


   Skills:
 - Level 2.0 Fighting
 + Level 4.4 Staves
   Level 1.0 Crossbows
 + Level 1.0 Throwing
 - Level 2.0 Armour
 - Level 1.0 Dodging
 - Level 1.0 Shields


You had 3 spell levels left.
You didn't know any spells.
Your spell library was empty.

Dungeon Overview and Level Annotations

Branches:
Dungeon (3/15)

Altars:
Dithmenos
Sif Muna


Message History

The orc wizard casts a spell at you.
You feel as though you will be slow longer.
The orc wizard hits you with a +0 dagger.
* * * LOW HITPOINT WARNING * * *
The orc wizard closely misses you.
Unknown command.
Unknown command.
You're too confused!
You feel better. The orc wizard misses you. The orc wizard closely misses you.
The orc wizard casts a spell at you. The magic dart hits you.
* * * LOW HITPOINT WARNING * * *
The orc wizard hits you with a +0 dagger of speed.
* * * LOW HITPOINT WARNING * * *
The orc wizard gestures wildly while chanting.
The orc wizard blinks!
You feel yourself speed up. The orc wizard barely misses you.
The orc wizard points at you and mumbles some strange words.
The magic dart hits you!
You die...

#.## #.##.##.....#######
#..# ##.##.##.#.###≈≈≈≈≈##
##<.####........#.##≈≈≈≈≈≈≈#
......##..##......##≈≈...≈≈#
##..#.##.........[.'..._.≈≈#
#..#.##..##########≈≈...≈≈#
##..#.##..# #≈≈≈≈≈≈≈#
#...#.....###########≈≈≈≈≈##
...........o...o@o(########
#.#.################ ##.##
###


You could see 2 orc wizards and an orc.

Vanquished Creatures
  2 adders (D:2)
  2 oozes
  A dart slug (D:1)
  7 bats (D:1)
  2 giant cockroaches
  4 goblins
  8 hobgoblins
  3 frilled lizards
  9 kobolds
  6 rats
44 creatures vanquished.

Notes
Turn   | Place    | Note
-------+----------+-------------------------------------------
     0 | D:1      | Wander the Human Wanderer began the quest for the Orb.
     0 | D:1      | Wander set off with the following items: a +0 shield, a +0
                  | quarterstaff, a potion of curing, a +0 robe, a +0 dagger, a
                  | ration
     0 | D:1      | Reached XP level 1. HP: 16/16 MP: 1/1
   115 | D:1      | Reached XP level 2. HP: 12/22 MP: 2/2
   357 | D:1      | Reached skill level 3 in Staves
   539 | D:1      | Reached XP level 3. HP: 22/27 MP: 3/3
  1512 | D:2      | Reached skill level 4 in Staves
  1512 | D:2      | Reached XP level 4. HP: 33/33 MP: 4/4
  1513 | D:2      | Found a shadowy altar of Dithmenos.
  1573 | D:2      | Found a deep blue altar of Sif Muna.
  2083 | D:2      | Killed from afar by an orc wizard

Vault maps used:
D:1:      dpeg_arrival_houses_and_road, chequers_serial_rivers_micro_d,
          chequers_arboretum, minmay_pentomino_o2
D:2:      minmay_angry_zag, grunt_dithmenos_smoke_and_mirrors, led_sif_pool
D:3:      nicolae_xom_altar_mimics, minmay_joined_circles

Skill      XL: |  1  2  3 |
---------------+----------+-----
Staves         | 3 4 |  4.4
Fighting       | |  2.0
Crossbows      | |  1.0
Throwing       | |  1.0
Armour         | |  2.0
Dodging        | |  1.0
Shields        | |  1.0

Action                   |  1- 3 |  4- 6 || total
-------------------------+-------+-------++-------
Melee: Quarterstaff      |   104 |    21 ||   125
Throw: Tomahawk          |     3 |     3 ||     6
  Use: Potion            |       |     2 ||     2
 Stab: Sleeping          |     1 |       ||     1
  Eat: Chunk             |     2 |       ||     2
Armor: Robe              |    14 |     4 ||    18
Dodge: Dodged            |    83 |    18 ||   101

Table legend:
 A = Non-vault XP
 B = Vault XP
 C = Vault XP percentage of total XP
 D = Non-vault monster count
 E = Vault monster count
 F = Vault count percentage of total count
                 A         B        C        D         E       F
            +---------+---------+-------+---------+---------+-------
      Total |      84 |      21 |  20.0 |      36 |       8 |  18.2
            +---------+---------+-------+---------+---------+-------
        D:1 |      53 |       2 |   3.6 |      28 |       2 |   6.7
        D:2 |      31 |      19 |  38.0 |       8 |       6 |  42.9
            +---------+---------+-------+---------+---------+-------
